AoeStats
← waLLefps.

Arena

507246030Analyzed
1v1 RM · 14d ago on Sep 17, 2026· 50m 9s· 2 players
Game mode
Random Map
Map size
Tiny (2 player)
Population
200
Speed
Normal
Resources
Standard
Victory
Conquest
Starting age
Dark Age
Ending age
Imperial Age
RankedLock teamsTeams togetherTeam positionsShared explorationLock speedFull tech treeHidden civsTurbo modeCheats
Victory
Defeat
🇹🇷 Khmer · Türkiye
1362
+15
🇹🇷 Malay · Türkiye
1346
-15
waLLefps.
8:52 Feudal Age
8:29 Double-Bit Axe
8:26 Horse Collar
16:34 Castle Age
16:34 Bow Saw
16:26 Heavy Plow
18:57 Wheelbarrow
22:23 Gold Mining
22:24 Stone Mining
24:11 Loom
24:14 Town Watch
25:01 Hand Cart
27:32 Forging
29:55 Imperial Age
27:57 Masonry
28:48 Iron Casting
28:04 Fletching
28:53 Gold Shaft Mining
28:21 Squires
28:07 Arson
29:47 Conscription
31:01 Chemistry
29:34 Man-at-Arms
31:43 Blast Furnace
31:03 Siege Engineers
30:36 Onager
31:17 Long Swordsman
33:01 Two-Handed Swordsman
34:32 Murder Holes
34:58 Ballistics
36:01 Forced Levy
45:25 Pikeman
45:58 Halberdier
chilax
10:23 Feudal Age
14:36 Castle Age
13:49 Wheelbarrow
17:24 Double-Bit Axe
17:24 Horse Collar
22:07 Bow Saw
22:49 Heavy Plow
23:08 Husbandry
23:03 Gold Mining
24:48 Loom
28:03 Imperial Age
26:09 Scale Barding Armor
26:16 Bloodlines
25:28 Light Cavalry
26:56 Ballistics
27:00 Forging
28:06 Chain Barding Armor
27:56 Town Watch
29:43 Chemistry
29:42 Plate Barding Armor
28:41 Heavy Scorpion
30:11 Double Crossbow
31:29 Iron Casting
31:28 Conscription
32:55 Hussar
35:20 Blast Furnace
34:29 Siege Engineers
Connection lost

Rejoining the realm…

Still unreachable

The connection could not be restored.

Session expired

The server has moved on; the page needs a fresh start.